 Dungeon Crawl Stone Soup version 0.32-a0-17-gb74e046682 (webtiles) character file.

Game seed: 3170137788756675014

2374170 dorian the Middleweight Champion (level 27, 197/208 HPs)
             Began as an Octopode Shapeshifter on Jan 13, 2024.
             Was a High Priest of Wu Jian.
             Escaped with the Orb
             ... and 4 runes on Jan 15, 2024!
             The game lasted 03:11:22 (68529 turns).

dorian the Middleweight Champion (OpSh)            Turns: 68529, Time: 03:11:23

Health: 197/208    AC: 17    Str: 21    XL:     27
Magic:  35/35      EV: 56    Int: 11    God:    Wu Jian [*****.]
Gold:   4598       SH:  0    Dex: 27    Spells: 31/42 levels left

rFire   + .          .
                       - Unarmed
rCold   + + .        (shield currently unavailable)
rNeg    + + .        c - melded +1 hat of Huucver {rC+ Will+++ Str-4 Int+3}
rPois   ∞            W - amulet "Oshoq" {Acrobat Fly rElec rCorr Slay+6}
rElec   +            s - ring "Pim Yfic" {rN++ Dex+6}
rCorr   +            F - +4 ring of slaying
SInv    +            V - ring "Nitwor" {rC+ Dex+2}
Will    ++...        z - +4 ring of protection
Stlth   ++           N - ring "Ylajeone" {rF+ rC+ Str+4 Int-4 Dex+2}
HPRegen 0.54/turn    R - +4 ring of slaying
MPRegen 0.24/turn    I - ring of Duxuinest {rPois Slay+5}
                     u - ring of see invisible

%: acrobat, clarity
@: storm-form, flying, studying Ice Magic
A: cleaving, insubstantial, flying, almost no armour, amphibious, 8 rings,
(camouflage 1), (gelatinous body 1), (nimble swimmer 1), (tentacles), clarity,
deterioration 2, weak 1, (cold vulnerability 1), subdued magic 1
0: Orb of Zot
}: 4/15 runes: decaying, serpentine, slimy, silver
a: Blinkbolt, Begin Untransformation, Renounce Religion, Wall Jump, Serpent's
Lash, Heavenly Storm


You escaped.
You worshipped Wu Jian.
Wu Jian was extremely pleased with you.
You were a lightning-filled tempest!
You visited 11 branches of the dungeon, and saw 53 of its levels.
You visited the Abyss 2 times.
You also visited: Bailey and Ice Cave.

You collected 11597 gold pieces.
You spent 6999 gold pieces at shops.

Inventory:

Missiles
 a - 12 silver javelins (quivered)
Armour
 b - the +10 tower shield of Ignorance {rN+ Int-4}
   (You found it on level 1 of the Orcish Mines)

   Int-4:     It affects your intelligence (-4).
   rN+:       It protects you from negative energy.
 c - the +1 hat of Huucver (melded) {rC+ Will+++ Str-4 Int+3}
   (You acquired it on level 5 of the Vaults)

   Str-4:     It affects your strength (-4).
   Int+3:     It affects your intelligence (+3).
   rC+:       It protects you from cold.
   Will+++:   It greatly increases your willpower.
Jewellery
 p - an amulet of regeneration
 r - the ring of Abstinence {Will+ rCorr Slay+2}
   (You found it on level 3 of the Elven Halls)

   [ring of willpower]

   Slay+2:    It affects your accuracy & damage with ranged weapons and melee
   (+2).
   Will+:     It increases your willpower.
   rCorr:     It protects you from acid and corrosion.
 s - the ring "Pim Yfic" (left tentacle) {rN++ Dex+6}
   (You found it on level 1 of the Realm of Zot)

   [ring of dexterity]

   Dex+6:     It affects your dexterity (+6).
   rN++:      It greatly protects you from negative energy.
 t - the ring of Soulauqown {rN+ Str+6 Stlth+}
   (You found it on level 4 of the Realm of Zot)

   [ring of strength]

   Str+6:     It affects your strength (+6).
   rN+:       It protects you from negative energy.
   Stlth+:    It makes you more stealthy.
 u - a ring of see invisible (on tentacle)
 z - a +4 ring of protection (on tentacle)
 D - the ring "Obbahy" {Ice Fly rElec Will+++ Int-5}
   (You found it on level 1 of the Realm of Zot)

   [ring of ice]

   Ice:       It enhances your ice magic.
   Int-5:     It affects your intelligence (-5).
   rF-:       It makes you vulnerable to fire.
   rC+:       It protects you from cold.
   rElec:     It insulates you from electricity.
   Will+++:   It greatly increases your willpower.
   Fly:       It grants you flight.
 F - a +4 ring of slaying (right tentacle)
 I - the ring of Duxuinest (on tentacle) {rPois Slay+5}
   (You bought it in a shop on level 3 of the Snake Pit)

   [ring of poison resistance]

   Slay+5:    It affects your accuracy & damage with ranged weapons and melee
   (+5).
   rPois:     It protects you from poison
 N - the ring "Ylajeone" (on tentacle) {rF+ rC+ Str+4 Int-4 Dex+2}
   (You found it on level 1 of the Realm of Zot)

   [ring of protection from cold]

   Str+4:     It affects your strength (+4).
   Int-4:     It affects your intelligence (-4).
   Dex+2:     It affects your dexterity (+2).
   rF+:       It protects you from fire.
   rC+:       It protects you from cold.
 O - the amulet of the Omega Point {Faith rElec rN+ Will+ Dex+3}
   (You bought it in a shop on level 2 of the Orcish Mines)

   [amulet of faith]

   Faith:     It allows you to gain divine favour quickly.
   Dex+3:     It affects your dexterity (+3).
   rElec:     It insulates you from electricity.
   rN+:       It protects you from negative energy.
   Will+:     It increases your willpower.
 R - a +4 ring of slaying (on tentacle)
 V - the ring "Nitwor" (on tentacle) {rC+ Dex+2}
   (You took it off a tengu reaver on level 5 of the Vaults)

   [ring of protection from cold]

   Dex+2:     It affects your dexterity (+2).
   rC+:       It protects you from cold.
 W - the amulet "Oshoq" (around neck) {Acrobat Fly rElec rCorr Slay+6}
   (You found it on level 3 of the Elven Halls)

   [amulet of the acrobat]

   Acrobat:   It increases your evasion while moving and waiting.
   Slay+6:    It affects your accuracy & damage with ranged weapons and melee
   (+6).
   rElec:     It insulates you from electricity.
   Fly:       It grants you flight.
   rCorr:     It protects you from acid and corrosion.
 X - the ring "Ulacawuk" {+Blink rPois Str+6 Stlth+}
   (You bought it in a shop on level 2 of the Dungeon)

   [ring of strength]

   Str+6:     It affects your strength (+6).
   rPois:     It protects you from poison +Blink: It lets you blink.
   Stlth+:    It makes you more stealthy.
Talismans
 k - a storm talisman (active)
 Y - a dragon-blood talisman
Wands
 l - a wand of iceblast (59)
 m - a wand of acid (49)
 y - a wand of flame (97)
 S - a wand of digging (9)
 T - a wand of mindburst (8)
Scrolls
 e - 5 scrolls of fear
 g - 23 scrolls of teleportation
 o - 6 scrolls of blinking
 C - 8 scrolls of vulnerability
 E - 11 scrolls of poison
 K - 7 scrolls of silence
 M - 26 scrolls of identify
 P - 3 scrolls of summoning
 Q - 7 scrolls of fog
 U - 2 scrolls of enchant armour
 Z - 6 scrolls of immolation
Potions
 d - 7 potions of haste
 h - 14 potions of heal wounds
 i - 6 potions of cancellation
 j - 12 potions of attraction
 q - 4 potions of ambrosia
 v - 3 potions of might
 w - 7 potions of invisibility
 x - 8 potions of mutation
 A - 3 potions of magic
 B - 3 potions of resistance
 G - 4 potions of berserk rage
 J - 23 potions of curing
 L - 6 potions of brilliance
Miscellaneous
 f - a phantom mirror
 n - a box of beasts
 H - a phial of floods


   Skills:
 + Level 22.3 Fighting
 + Level 20.5 Dodging
 - Level 13.4 Stealth
 O Level 27 Unarmed Combat
 + Level 8.1 Spellcasting
 + Level 11.5 Translocations
 + Level 12.0 Ice Magic
 - Level 3.1 Evocations
 + Level 25.0 Shapeshifting


You had 31 spell levels left.
You knew the following spells:

 Your Spells              Type           Power      Damage    Failure   Level
a - Manifold Assault      Tloc           22%        N/A       1%          4
b - Vhi's Electric Charg  Tloc/Air       26%        N/A       12%         4
c - Ozocubu's Armour      Ice            23%        N/A       1%          3

Your spell library contained the following spells:

 Spells                   Type           Power      Damage    Failure   Level
 Apportation              Tloc           44%        N/A       1%          1
 Freeze                   Ice            92%        1d9       1%          1
 Momentum Strike          Conj/Tloc      26%        3d8       1%          2
 Passage of Golubria      Tloc           22%        N/A       1%          4
 Hailstorm                Conj/Ice       13%        3d6       3%          3
 Summon Ice Beast         Ice/Summ       13%        N/A       3%          3
 Dimensional Bullseye     Hex/Tloc       6%         N/A       12%         4
 Iskenderun's Mystic Bla  Conj/Tloc      13%        2d5       12%         4
 Necrotise                Necr           12%        1d4       13%         1
 Sting                    Conj/Alch      12%        1d3       13%         1
 Summon Small Mammal      Summ           12%        N/A       13%         1
 Dispersal                Tloc           11%        N/A       19%         6
 Jinxbite                 Hex            6%         N/A       21%         2
 Mercury Vapours          Alch/Air       6%         N/A       21%         2
 Scorch                   Fire           6%         2d5       21%         2
 Static Discharge         Conj/Air       6%         3-4/arc   21%         2
 Metabolic Englaciation   Hex/Ice        6%         N/A       32%         5
 Call Canine Familiar     Summ           3%         N/A       38%         3
 Inner Flame              Hex/Fire       3%         N/A       38%         3
 Mephitic Cloud           Conj/Alch/Air  3%         N/A       38%         3
 Passwall                 Erth           3%         N/A       38%         3
 Sigil of Binding         Hex            3%         N/A       38%         3
 Tukima's Dance           Hex            3%         N/A       38%         3
 Airstrike                Air            1%         2d(1-17)  80%         4
 Anguish                  Hex/Necr       1%         N/A       80%         4
 Animate Dead             Necr           3%         N/A       80%         4
 Brom's Barrelling Bould  Conj/Erth      3%         2d3       80%         4
 Cause Fear               Hex            1%         N/A       80%         4
 Flame Wave               Conj/Fire      3%         2d5       80%         4
 Fulminant Prism          Conj/Alch      1%         3d5       80%         4
 Olgreb's Toxic Radiance  Alch           3%         N/A       80%         4
 Summon Blazeheart Golem  Fire/Summ      3%         N/A       80%         4
 Summon Lightning Spire   Summ/Air       3%         N/A       80%         4
 Sculpt Simulacrum        Ice/Alch       6%         N/A       88%         6
 Arcjolt                  Conj/Air       1%         1d11      99%         5
 Borgnjor's Vile Clutch   Necr/Erth      1%         N/A       99%         5
 Fireball                 Conj/Fire      1%         3d3       99%         5
 Irradiate                Conj/Alch      1%         3d12      99%         5
 Lee's Rapid Deconstruct  Erth           1%         3d4*      99%         5
 Yara's Violent Unravell  Hex/Alch       1%         3d3       99%         5
 Death Channel            Necr           1%         N/A       100%        6
 Summon Cactus Giant      Summ           1%         N/A       100%        6
 Enfeeble                 Hex            1%         N/A       100%        7
 Disjunction              Tloc           11%        N/A       100%        8
 Ignition                 Fire           1%         3d3       100%        8
 Lehudib's Crystal Spear  Conj/Erth      1%         10d2      100%        8
 Maxwell's Capacitive Co  Air            1%         ∞         100%        8
 Dragon's Call            Summ           1%         N/A       100%        9
 Animate Armour           Summ/Erth      Unusable   N/A       N/A         4

Dungeon Overview and Level Annotations

Branches:
Dungeon (15/15)            Temple (1/1) D:7            Lair (5/5) D:11
  Swamp (4/4) Lair:2        Snake (4/4) Lair:2        Slime (5/5) Lair:4
    Orc (2/2) D:12            Elf (3/3) Orc:2        Vaults (5/5) D:13
  Crypt (0/3) Vaults:2     Depths (4/4) D:15            Zot (5/5) Depths:4
 Bailey (visited)           IceCv (visited)

Altars:
Ashenzari
Cheibriados
Dithmenos
Elyvilon
Fedhas
Gozag
Hepliaklqana
Kikubaaqudgha
Makhleb
Nemelex Xobeh
Okawaru
Qazlal
Ru
Sif Muna
Trog
Uskayaw
Vehumet
Wu Jian
Xom
Yredelemnul
Zin
The Shining One
Jiyva

Shops:
D:2 =   D:8 :   D:13 (   Orc:2 =[(*[   Elf:1 [   Snake:1 :*=?(   Snake:2 *
Snake:3 *:==   Snake:4 (*!   Vaults:2 *   Vaults:3 [   Vaults:4 *   Vaults:5 *
Depths:3 ?

Portals:
Hell: Depths:1 Depths:2 Depths:3 Depths:4
Abyss: Depths:3 Depths:4
Pandemonium: Depths:2
Ziggurat: Depths:3

Annotations:
D:9 1 runed translucent door
D:11 3 runed translucent doors, heinrich's ghost, journeyman TrMo
Lair:2 2 transporters
Orc:1 2 transporters, Ujici's ghost, journeyman MiFi
Depths:4 5 runed translucent doors


Innate Abilities, Weirdness & Mutations

You are a lightning-filled tempest!
Your electrical attacks strike out in all directions at once.
You are incredibly evasive.
Your insubstantial body is immune to petrification, constriction, and being set on fire You are flying.
Your armour is entirely melded.
You are incapable of wielding weapons or throwing items.
You cannot wear most types of armour.
You are amphibious.
You can wear up to eight rings at the same time.
You are immune to poison.
((Your skin changes colour to match your surroundings (Stealth+).))
((Your rubbery body absorbs attacks. (AC +1, EV +1)))
((You are camouflaged when in or above water. (Stealth+)))
((You have tentacles for arms and can constrict up to eight enemies at once.))
You possess an exceptional clarity of mind.
Your body often deteriorates upon taking damage.
You are weak. (Str -2)
((You are vulnerable to cold. (rC-)))
Your spells are a little easier to cast, but a little less powerful.


Message History

Your supernatural speed expires.
The lich closely misses you.
You batter the lich!!
The lich is heavily damaged.
The lich splashes around in the water.
You batter the lich!!
The lich is severely damaged.
You blast the lich!!!!
Lightning courses through the lich!
You destroy the lich!
The Council accepts your kill.
You feel energetic enough to blinkbolt again.
A daeva comes into view.
It is wielding a +4 eudemon blade of holy wrath.
There is a staircase leading out of the dungeon here.
You lunge at the daeva, in a flurry of attacks.
The daeva blocks your attack.
Your punch misses the daeva. You closely miss the daeva.
The daeva blocks your attack.
The daeva calls down the wrath of the Shining One upon you.
The Shining One smites you! The daeva blocks your attack.
You blast the daeva!!!
Lightning courses through the daeva!
The daeva is heavily wounded.
The daeva completely misses you. x2
You batter the daeva!!
The daeva is almost dead.
You closely miss the daeva. The daeva blocks your attack.
The daeva is almost dead.
The daeva completely misses you.
The daeva hits you with a +4 eudemon blade of holy wrath.
The daeva blocks your attack.
The daeva is almost dead.
You blast the daeva!!!!
You kill the daeva!
The Council accepts your kill.
Things that are here:
a +4 eudemon blade of holy wrath; a +0 tower shield You feel less exhausted.
There is a staircase leading out of the dungeon here.
You start resting.
A green death comes into view.
You have escaped!

................###.~~~≈#
................2...~.≈≈#
..[......8...8......~~~≈#
#...###.............~~~≈#
##'## #.............~~~≈#
##.# ##...........~~~≈≈#
...#####....8.....8..~~≈#
##....##..........~~~≈~≈#
#...#####....)..v~..~~≈≈#
.....## #.......~...≈~≈≈#
##....###......~~.~~~≈≈≈#
#..####.....~.~~.~≈≈≈≈≈
##..####.~~.~~~~~~≈≈≈≈≈≈
......##≈.~~~~~~≈≈≈≈≈≈≈≈
########≈~≈~≈~~~≈≈≈≈≈≈≈≈
#≈≈≈≈≈≈≈≈≈≈≈≈≈≈≈≈
################


You could see a green death.

Vanquished Creatures
  the Royal Jelly (Slime:5)
  3 dread liches
  5 ancient liches (Zot:5)
  8 orbs of fire
  3 pandemonium lords
  The ghost of Vanouxzi the Tainted, a master DsGl of Yredelemnul (Zot:3)
  Bai Suzhen (Vaults:3)
  Boris (twice) (Depths:3 Vaults:2)
  the Lernaean hydra (Swamp:4)
  2 Killer Klowns (Zot:5)
  3 curse toes
  Vashnia (Snake:3)
  Nikola (Snake:3)
  Norris (Vaults:1)
  15 golden dragons
  A pearl dragon (Abyss:2)
  3 bone dragons
  A Tzitzimitl (Depths:4)
  5 electric golems
  An iron giant (Zot:3)
  An Ice Fiend (D:1)
  A hellephant (Abyss:2)
  27 tentacled monstrosities
  Mlioglotl (Swamp:1)
  11 liches
  26 Orb Guardians
  5 quicksilver dragons
  5 sphinxes
  2 walking earthen tomes
  2 deep elf blademasters (Elf:3)
  6 titans
  2 deep elf master archers (Elf:3)
  A walking divine tome (Depths:1)
  Asterion (Depths:1)
  16 acid blobs
  Frances (D:12)
  11 death cobs
  2 tentacled starspawn (Abyss:3)
  11 tengu reavers
  2 thorn hunters (Swamp:3)
  18 storm dragons
  12 shadow dragons
  Donald (Orc:2)
  Agnes (Snake:3)
  10 rockslimes
  6 draconian monks
  9 protean progenitors
  A daeva (D:1)
  3 nagarajas (Snake:4)
  12 fire giants
  13 azure jellies
  7 deep elf sorcerers
  Aizul (Snake:3)
  17 vault wardens
  4 draconian knights
  8 deep elf elementalists (Elf:3)
  An iron dragon (Zot:2)
  9 frost giants
  6 draconian shifters
  4 balrugs
  5 draconian stormcallers
  An emperor scorpion (Zot:2)
  Louise (Lair:2)
  6 draconian scorchers
  15 ironbound preservers
  2 orc warlords
  7 draconian annihilators
  3 cacodemons (Zot:1)
  2 demonspawn blood saints (D:12)
  15 very ugly things
  A spriggan defender (Depths:3)
  A broodmother (Zot:2)
  9 ghost moths
  2 formless jellyfish
  8 ironbound thunderhulks
  14 stone giants
  A vampire knight (Depths:4)
  An eleionoma (Swamp:4)
  13 quicksilver oozes
  11 green draconians
  15 black draconians
  9 deep elf demonologists
  4 dire elephants
  12 white draconians
  2 lorocyprocas
  6 spark wasps
  7 deep elf death magi
  A bunyip (Swamp:3)
  8 war gargoyles
  11 red draconians
  13 deep elf annihilators
  9 purple draconians
  11 yellow draconians
  3 crystal guardians
  A merfolk impaler (Depths:4)
  17 fire dragons
  2 entropy weavers
  17 ettins
  6 great orbs of eyes
  6 deep elf high priests
  13 yaktaur captains
  A spriggan zombie (Abyss:2)
  30 vault guards
  2 hell beasts
  A ghost crab (Swamp:4)
  4 spriggan air magi
  3 peacekeepers
  2 salamander tyrants
  13 ice dragons
  8 rakshasas
  Harold (D:10)
  A caustic shrike simulacrum (IceCv)
  3 radroaches (Zot:3)
  18 centaur warriors
  12 alligators
  A catoblepas (Lair:5)
  An ogre mage (Vaults:5)
  21 hydras
  8 anacondas
  6 boulder beetles
  2 death knights (Vaults:2)
  4 two-headed ogres
  7 ironbound frosthearts
  4 deep troll shamans
  4 deep troll earth magi (Depths:1)
  A demonic crawler (Depths:4)
  4 death yaks (Lair:3)
  23 dancing weapons
  4 thrashing horrors
  5 hell hogs
  An orc high priest (Orc:2)
  A vampire mage (Depths:1)
  8 sun demons
  2 occultists
  A soul eater (Depths:2)
  14 naga warriors
  4 tengu warriors
  20 naga sharpshooters
  4 shock serpents
  8 spriggan berserkers
  11 hell knights (Depths:4)
  18 deep elf knights
  9 iron trolls
  2 skysharks (Vaults:1)
  3 wretched stars
  A skeletal warrior (D:13)
  A skyshark (shapeshifter) (Vaults:5)
  Amaemon (D:8)
  2 sixfirhies
  6 salamander mystics
  7 goliath frogs
  8 glowing orange brains
  29 deep trolls
  6 orange crystal statues
  5 arcanists
  A titan skeleton (Vaults:4)
  A sun moth (shapeshifter) (Vaults:5)
  A glowing orange brain (shapeshifter) (Depths:2)
  11 swamp dragons
  2 sea snakes (Zot:5)
  10 naga ritualists
  A sea snake (shapeshifter) (Vaults:5)
  17 bog bodies
  11 mana vipers
  5 spriggan druids
  4 flayed ghosts
  13 deep elf archers
  13 orc knights
  24 deep elf zephyrmancers
  9 ironbound convokers
  A harpy (shapeshifter) (D:13)
  4 harpies
  24 deep elf pyromancers
  8 necromancers
  A wolf spider zombie (D:15)
  3 orc sorcerers
  15 salamanders
  28 moths of wrath
  26 ugly things
  9 cyclopes
  7 manticores
  2 wolf spiders (Zot:2)
  A fire giant zombie (Vaults:1)
  11 shining eyes
  6 large abominations
  2 will-o-the-wisps
  A worldbinder (Abyss:3)
  9 kobold blastminers
  A meliai (D:13)
  35 black mambas
  7 guardian serpents
  9 elephants (Lair:1)
  6 smoke demons
  An eye of devastation (shapeshifter) (Vaults:5)
  A water nymph (shapeshifter) (Depths:4)
  2 apocalypse crabs (Abyss:3)
  A rust devil (Depths:2)
  18 naga magi
  11 cane toads
  3 eyes of devastation
  4 orange demons
  3 gargoyles
  25 vault sentinels
  2 centaur skeletons (D:15)
  A kobold demonologist (D:12)
  4 rime drakes
  27 yaktaurs
  10 komodo dragons
  An ice devil (D:12)
  An efreet (D:4)
  An unseen horror (D:10)
  An anaconda simulacrum (IceCv)
  6 freezing wraiths
  4 tengu conjurers
  2 red devils
  Psyche (D:11)
  2 ancient zymes
  19 hornets
  8 trolls
  6 glass eyes
  2 hellwings
  8 tyrant leeches
  19 blink frogs
  7 saltlings (Orc:2)
  13 polar bears
  2 deep troll zombies (Vaults:4)
  2 dream sheep (Lair:5)
  2 alligator simulacra (IceCv)
  An ettin zombie (Abyss:2)
  2 raiju (Lair:5)
  A culicivora (shapeshifter) (Vaults:5)
  A centaur simulacrum (D:15)
  35 yaks
  9 water elementals
  21 spriggans
  3 shadows
  2 air elementals
  140 slime creatures
  A spriggan (shapeshifter) (D:15)
  A hog (shapeshifter) (Abyss:3)
  3 small abominations (Abyss:3)
  3 wraiths
  2 wyverns
  A fire elemental (Elf:2)
  Eustachio (D:5)
  5 basilisks
  A neqoxec (D:15)
  10 wargs
  27 golden eyes
  A redback (shapeshifter) (Vaults:5)
  10 vampire mosquitoes
  3 harpy simulacra (IceCv)
  4 steam dragons
  An acid dragon (D:10)
  49 nagas
  18 water moccasins
  17 swamp worms
  15 hell hounds (Lair:5)
  6 swamp drakes (Swamp:4)
  2 ice beasts
  16 orc warriors
  A sky beast (D:7)
  7 ogres
  16 black bears
  An ettin simulacrum (IceCv)
  4 boggarts (D:14)
  12 centaurs
  33 wolves
  15 starcursed masses
  An elf simulacrum (Vaults:1)
  A phantom (D:5)
  4 kobold brigands
  2 earth elementals
  17 bullfrogs
  2 gnoll sergeants
  A glowing shapeshifter simulacrum (Vaults:1)
  4 scorpions
  7 wights
  4 killer bees (D:11)
  4 electric eels
  5 howler monkeys
  A quasit (Abyss:2)
  2 bombardier beetles
  A jelly (D:7)
  An iron imp (Abyss:2)
  13 orc priests
  Jessica (D:2)
  5 iguanas
  11 orc wizards
  Robin (D:3)
  18 gnolls
  5 adders
  3 shadow imps
  4 white imps
  4 ufetubi
  4 dart slugs
  73 orcs
  11 bats
  11 endoplasms
  A giant cockroach (D:2)
  17 goblins
  7 hobgoblins
  3 quokkas
  5 ball pythons
  5 frilled lizards
  21 kobolds
  9 rats
  5 aspiring fleshes
  A lurking horror (Abyss:2)
  A spectral weapon (Depths:1)
2349 creatures vanquished.

Vanquished Creatures (others)
  A golden dragon (Zot:2)
  A red draconian (Zot:2)
  A deep troll (Vaults:4)
  An arcanist (D:3)
  2 bloated husks
  An orc (Vaults:5)
  8 foxfires (Swamp:1)
15 creatures vanquished.

Grand Total: 2364 creatures vanquished

Notes
Turn   | Place    | Note
-------+----------+-------------------------------------------
     0 | D:1      | dorian the Octopode Shapeshifter began the quest for the
                  | Orb.
     0 | D:1      | Reached XP level 1. HP: 13/13 MP: 1/1
   148 | D:1      | Reached XP level 2. HP: 14/18 MP: 2/2
   465 | D:1      | Reached XP level 3. HP: 21/23 MP: 3/3
  1358 | D:2      | Noticed Jessica
  1363 | D:2      | Killed Jessica
  1364 | D:2      | Reached XP level 4. HP: 21/29 MP: 4/4
  1711 | D:2      | Found Ucer's Jewellery Boutique.
  2170 | D:3      | Reached skill level 4 in Unarmed Combat
  2170 | D:3      | Reached XP level 5. HP: 25/34 MP: 5/5
  2309 | D:3      | Noticed an ogre
  2321 | D:3      | Killed an ogre
  2393 | D:3      | Reached XP level 6. HP: 39/39 MP: 6/6
  2589 | D:3      | Noticed Robin
  2604 | D:3      | Killed Robin
  3100 | D:3      | Found a bloodstained altar of Trog.
  3102 | D:3      | Noticed a wizard
  3106 | D:3      | Killed a wizard
  4066 | D:5      | Entered Level 5 of the Dungeon
  4069 | D:5      | Noticed Eustachio
  4418 | D:4      | Reached skill level 5 in Unarmed Combat
  4418 | D:4      | Reached XP level 7. HP: 45/45 MP: 7/7
  4461 | D:5      | Killed Eustachio
  4462 | D:5      | Reached skill level 5 in Shapeshifting
  4955 | D:5      | Reached skill level 6 in Unarmed Combat
  4955 | D:5      | Reached XP level 8. HP: 41/52 MP: 8/8
  6128 | D:6      | Reached skill level 7 in Unarmed Combat
  6395 | D:7      | Found a staircase to the Ecumenical Temple.
  6404 | Temple   | Entered the Ecumenical Temple
  6414 | Temple   | Became a worshipper of the Wu Jian Council
  6473 | D:7      | Found a flagged portal.
  6531 | D:7      | Reached XP level 9. HP: 50/59 MP: 9/9
  6587 | Bailey   | Entered a bailey
  6717 | Bailey   | Noticed an orc knight
  6724 | Bailey   | Killed an orc knight
  6725 | Bailey   | Reached skill level 5 in Dodging
  6861 | Bailey   | Reached * piety under Wu Jian
  7080 | D:7      | Reached skill level 5 in Fighting
  7131 | D:7      | Reached skill level 8 in Unarmed Combat
  7902 | D:8      | Reached XP level 10. HP: 30/66 MP: 10/10
  8185 | D:8      | Noticed Amaemon
  8185 | D:8      | Noticed an orange demon
  8196 | D:8      | Killed Amaemon
  8200 | D:8      | Killed an orange demon
  8201 | D:8      | Reached skill level 9 in Unarmed Combat
  8202 | D:8      | Found Unuk's Self-Published Books.
  9183 | D:9      | Noticed a two-headed ogre
  9196 | D:9      | Killed a two-headed ogre
  9613 | D:9      | Found a runed translucent door.
  9615 | D:9      | Noticed a gargoyle
 10207 | D:10     | Entered Level 10 of the Dungeon
 10328 | D:10     | Reached skill level 10 in Unarmed Combat
 10433 | D:10     | Reached XP level 11. HP: 67/74 MP: 11/11
 10626 | D:6      | Upgraded the game from 0.32-a0-5-gbffa963729 to
                  | 0.32-a0-12-g7fc57aa741
 10654 | D:6      | Identified the +1 pair of gloves of Day {^Contam rC+
                  | Will+++ Str-3}
 10800 | D:10     | Noticed Harold
 10811 | D:10     | Killed Harold
 11151 | D:11     | Found a runed translucent gate.
 11152 | D:11     | Found a runed translucent gate.
 11154 | D:11     | Found a runed translucent gate.
 11158 | D:11     | Noticed a two-headed ogre
 11158 | D:11     | Noticed a manticore
 11168 | D:11     | Killed a two-headed ogre
 11200 | D:11     | Noticed a cyclops
 11209 | D:11     | Killed a cyclops
 11209 | D:11     | Reached ** piety under Wu Jian
 11340 | D:11     | Noticed a brown ugly thing
 11344 | D:11     | Reached skill level 10 in Shapeshifting
 11348 | D:11     | Killed a brown ugly thing
 11464 | D:11     | Killed a manticore
 11531 | D:11     | Reached skill level 11 in Unarmed Combat
 11652 | D:11     | Noticed a two-headed ogre
 11658 | D:11     | Killed a two-headed ogre
 11698 | D:11     | Found a staircase to the Lair.
 11970 | D:11     | Noticed Psyche
 11975 | D:11     | Killed Psyche
 12093 | D:11     | Noticed a cyclops
 12107 | D:11     | Killed a cyclops
 12272 | D:11     | Noticed a manticore
 12280 | D:11     | Killed a manticore
 12281 | D:11     | Reached XP level 12. HP: 67/81 MP: 12/12
 12491 | D:11     | Noticed heinrich's ghost (journeyman TrMo)
 12792 | D:12     | Identified the +6 scimitar "Killer Klown's Bane" {venom,
                  | rCorr Str+3}
 12903 | D:12     | Found a staircase to the Orcish Mines.
 12958 | D:12     | Reached skill level 1 in Stealth
 13010 | D:12     | Reached *** piety under Wu Jian
 13017 | D:12     | Noticed Frances
 13019 | D:12     | Found an opulent altar of Gozag.
 13029 | D:12     | Killed Frances
 13306 | D:12     | Reached skill level 12 in Unarmed Combat
 13632 | D:12     | Reached XP level 13. HP: 89/89 MP: 13/13
 14054 | D:13     | Reached skill level 5 in Stealth
 14081 | D:13     | Reached skill level 13 in Unarmed Combat
 14260 | D:13     | Found a gate to the Vaults.
 14314 | D:13     | Identified the ring "Xoteaw" {Wiz Dex+4}
 14423 | D:13     | You are sucked into a shaft and drop 2 floors!
 14423 | D:15     | Entered Level 15 of the Dungeon
 14611 | D:14     | Found a shimmering altar of Xom.
 15069 | D:13     | Found Ytsyddam's Antique Weapon Shop.
 15116 | D:13     | Reached XP level 14. HP: 60/97 MP: 14/14
 15722 | D:2      | Bought the ring "Ulacawuk" {+Blink rPois Str+6 Stlth+} for
                  | 741 gold pieces
 15952 | Lair:1   | Entered Level 1 of the Lair of Beasts
 16071 | Lair:1   | Reached skill level 1 in Evocations
 16076 | Lair:1   | Reached **** piety under Wu Jian
 17112 | Lair:2   | Reached skill level 10 in Dodging
 17200 | Lair:2   | Reached skill level 14 in Unarmed Combat
 17519 | Lair:2   | Found a staircase to the Snake Pit.
 17612 | Lair:2   | Found a transporter.
 17855 | Lair:2   | Found a transporter.
 17954 | Lair:2   | Found a staircase to the Swamp.
 17959 | Lair:2   | Reached skill level 10 in Fighting
 18731 | Lair:3   | Reached ***** piety under Wu Jian
 18947 | Lair:3   | Identified a scroll of acquirement
 18948 | Lair:3   | Acquired 349 gold pieces
 19908 | Lair:4   | Reached XP level 15. HP: 105/105 MP: 15/15
 20242 | Lair:4   | Found a viscous altar of Jiyva.
 20243 | Lair:4   | Found a staircase to the Slime Pits.
 20392 | Lair:5   | Entered Level 5 of the Lair of Beasts
 20560 | Lair:5   | Reached skill level 15 in Unarmed Combat
 22572 | D:15     | Reached ****** piety under Wu Jian
 23187 | D:15     | Reached skill level 16 in Unarmed Combat
 23265 | D:15     | Found a staircase to the Depths.
 23465 | Orc:1    | Entered Level 1 of the Orcish Mines
 23580 | Orc:2    | Entered Level 2 of the Orcish Mines
 23592 | Orc:2    | Reached XP level 16. HP: 112/112 MP: 16/16
 23665 | Orc:1    | Found a runed translucent door.
 23670 | Orc:1    | Found a transporter.
 23690 | Orc:1    | Found the +10 tower shield of Ignorance {rN+ Int-4}
 23702 | Orc:1    | Found a runed translucent door.
 23717 | Orc:1    | Reached skill level 15 in Shapeshifting
 23948 | Orc:1    | Noticed Ujici's ghost (journeyman MiFi)
 23949 | Orc:1    | Found a bloodstained altar of Trog.
 23962 | Orc:1    | Found a transporter.
 24406 | Orc:2    | Found Qaonu's Antique Armour Emporium.
 24576 | Orc:2    | Noticed Donald
 24583 | Orc:2    | Killed Donald
 24749 | Orc:2    | Found a staircase to the Elven Halls.
 25269 | Orc:2    | Found Negusulu's Jewellery Boutique.
 25369 | Orc:2    | Found Gyheph's Armour Boutique.
 25439 | Orc:2    | Bought the amulet of the Omega Point {Faith rElec rN+ Will+
                  | Dex+3} for 981 gold pieces
 25439 | Orc:2    | Bought the ring "Unox" {^Contam Str+6 Dex+5 Slay+2} for 788
                  | gold pieces
 25472 | Orc:2    | Found Geoklam's General Store.
 25478 | Orc:2    | Bought a potion of heal wounds for 65 gold pieces
 25478 | Orc:2    | Bought a scroll of fog for 52 gold pieces
 25531 | Orc:2    | Found Vyuraz's Weapon Shop.
 25874 | Swamp:1  | Entered Level 1 of the Swamp
 25921 | Swamp:1  | Noticed Mlioglotl
 26050 | Swamp:1  | Killed Mlioglotl
 26195 | Swamp:1  | Noticed Louise
 26207 | Lair:2   | Killed Louise
 26625 | Swamp:1  | Reached skill level 17 in Unarmed Combat
 27259 | Swamp:2  | Identified the staff of Vumaosel {rElec rC+ Ice}
 27598 | Swamp:2  | Reached XP level 17. HP: 119/119 MP: 17/17
 27933 | Swamp:3  | Found a glacial archway.
 27957 | IceCv    | Entered an ice cave
 28216 | IceCv    | Found a transporter.
 28225 | IceCv    | Found a transporter.
 28262 | IceCv    | Identified the amulet "Lebixkoa" {RegenMP rF+}
 29446 | Swamp:4  | Entered Level 4 of the Swamp
 29590 | Swamp:4  | Reached skill level 18 in Unarmed Combat
 29710 | Swamp:4  | Noticed the 27-headed Lernaean hydra
 30617 | Swamp:4  | Killed the 27-headed Lernaean hydra
 30913 | Swamp:4  | Got a decaying rune of Zot
 31189 | Snake:1  | Entered Level 1 of the Snake Pit
 31219 | Snake:1  | Reached XP level 18. HP: 128/128 MP: 18/18
 31464 | Snake:1  | Found Muc Aleonta's Book Emporium.
 31492 | Snake:1  | Found Kogur's Magic Scroll Shoppe.
 31492 | Snake:1  | Found Giwa's Jewellery Emporium.
 31495 | Snake:1  | Found Jathrojal's Antique Weapon Shoppe.
 31698 | Snake:1  | Found Xurubar's General Store.
 31706 | Snake:1  | Bought a potion of might for 64 gold pieces
 31706 | Snake:1  | Bought a potion of haste for 160 gold pieces
 32542 | Snake:2  | Found Mypoahyli's Spherical Supermarket.
 32833 | Snake:2  | Got the Precepts of Glacial Transposition
 33189 | Snake:3  | Reached skill level 19 in Unarmed Combat
 33531 | Snake:3  | Noticed Nikola
 33536 | Snake:3  | Killed Nikola
 33544 | Snake:3  | Noticed Agnes
 33551 | Snake:3  | Killed Agnes
 33681 | Snake:3  | Found Givyuluch's General Store.
 33693 | Snake:3  | Bought a potion of might for 80 gold pieces
 33778 | Snake:3  | Identified the serpent talisman of Xualed {rN+ rCorr Dex-4
                  | Slay+5}
 33778 | Snake:3  | Noticed Aizul
 33786 | Snake:3  | Killed Aizul
 33995 | Snake:3  | Noticed Vashnia
 33996 | Snake:3  | Upgraded the game from 0.32-a0-12-g7fc57aa741 to
                  | 0.32-a0-17-gb74e046682
 34014 | Snake:3  | Killed Vashnia
 34418 | Snake:3  | Found Gipatt's Book Emporium.
 34418 | Snake:3  | Found Veethy's Jewellery Boutique.
 34419 | Snake:3  | Found Ysaybocw's Jewellery Boutique.
 34425 | Snake:3  | Bought the ring of Duxuinest {rPois Slay+5} for 720 gold
                  | pieces
 34659 | Snake:4  | Entered Level 4 of the Snake Pit
 35037 | Snake:4  | Reached XP level 19. HP: 135/135 MP: 19/19
 35671 | Snake:4  | Found Ashaesh's Weapon Boutique.
 35673 | Snake:4  | Found Tuobryfre's Assorted Antiques.
 35676 | Snake:4  | Found Beadgh's Distillery.
 35683 | Snake:4  | Bought 2 potions of heal wounds for 170 gold pieces
 35722 | Snake:4  | Reached skill level 20 in Unarmed Combat
 35999 | Snake:4  | Got a serpentine rune of Zot
 36501 | Depths:1 | Entered Level 1 of the Depths
 36767 | Depths:1 | Found a stormy altar of Qazlal.
 37342 | Depths:1 | Found a sparkling altar of Nemelex Xobeh.
 37351 | Depths:1 | You are sucked into a shaft and drop 1 floor!
 37566 | Depths:1 | Found a gateway to Hell.
 37632 | Depths:1 | Noticed a tentacled monstrosity
 38068 | Depths:1 | Reached XP level 20. HP: 144/144 MP: 20/20
 38378 | Depths:2 | Noticed Asterion
 38728 | Depths:1 | Killed Asterion
 39080 | Depths:2 | Acquired 1072 gold pieces
 39408 | Depths:2 | Found a hazy altar of Hepliaklqana.
 39580 | Depths:2 | Noticed a golden dragon
 39586 | Depths:2 | Killed a golden dragon
 39597 | Depths:2 | Identified the +5 mace "Gyzunem" {protect, rElec Will-
                  | rCorr}
 39637 | Depths:2 | Identified the +3 orcbow of Popular Demand {freeze, rC+
                  | Dex+3}
 39794 | Depths:2 | Found a one-way gate leading to the halls of Pandemonium.
 39799 | Depths:2 | Reached skill level 15 in Dodging
 39802 | Depths:2 | Reached skill level 21 in Unarmed Combat
 40303 | Snake:1  | Bought a storm talisman for 1360 gold pieces
 40642 | Depths:3 | Noticed Boris
 40646 | Depths:3 | Killed Boris
 40749 | Depths:3 | Reached skill level 15 in Fighting
 41584 | Depths:3 | Found a one-way gate to the infinite horrors of the Abyss.
 41751 | Depths:3 | Found a one-way gateway to a ziggurat.
 41784 | Depths:3 | Found Owuschej's Magic Scroll Shop.
 42072 | Depths:3 | Noticed a golden dragon
 42076 | Depths:3 | Killed a golden dragon
 42511 | Depths:4 | Entered Level 4 of the Depths
 42605 | Depths:4 | Identified the +12 battleaxe of Tot Veud {vamp, Stlth+}
 42633 | Depths:4 | Reached XP level 21. HP: 149/151 MP: 21/21
 43004 | Depths:4 | Noticed a golden dragon
 43028 | Depths:4 | Killed a golden dragon
 43750 | Depths:4 | Noticed a bone dragon
 43765 | Depths:4 | Killed a bone dragon
 43861 | Depths:4 | Reached skill level 22 in Unarmed Combat
 43905 | Depths:4 | Found a runed translucent door.
 43905 | Depths:4 | Found a runed translucent door.
 44004 | Depths:4 | Found a runed translucent door.
 44004 | Depths:4 | Found a runed translucent door.
 44028 | Depths:4 | Found a runed translucent door.
 44184 | Depths:4 | Found a gate to the Realm of Zot.
 44253 | Depths:4 | Found a runed translucent door.
 44990 | Snake:3  | Bought a ring of protection from cold for 300 gold pieces
 45168 | Vaults:1 | Entered Level 1 of the Vaults
 45577 | Vaults:1 | Noticed Norris
 45588 | Vaults:1 | Killed Norris
 46134 | Vaults:1 | Reached XP level 22. HP: 160/160 MP: 22/22
 46734 | Vaults:2 | Noticed Boris
 46746 | Vaults:2 | Killed Boris
 46934 | Vaults:2 | Found Maodd's Assorted Antiques.
 47423 | Vaults:2 | You are sucked into a shaft and drop 1 floor!
 47423 | Vaults:3 | Noticed Bai Suzhen
 47425 | Vaults:3 | Killed Bai Suzhen
 48104 | Vaults:3 | Reached skill level 23 in Unarmed Combat
 49007 | Vaults:3 | Found Gamexeul's Armour Shop.
 49107 | Vaults:2 | Found a staircase to the Crypt.
 49743 | Vaults:4 | Found Ruduhytu's Assorted Antiques.
 50477 | Vaults:4 | Reached XP level 23. HP: 167/167 MP: 23/23
 51121 | Elf:1    | Entered Level 1 of the Elven Halls
 51271 | Elf:1    | Found Peasky's Antique Armour Boutique.
 52103 | Elf:2    | Found a runed translucent gate.
 52104 | Elf:2    | Found a runed translucent gate.
 52104 | Elf:2    | Found a runed translucent gate.
 52845 | Elf:3    | Entered Level 3 of the Elven Halls
 53202 | Elf:3    | Identified the +2 rapier of Midsummer {freeze, rC- rN+
                  | rCorr Stlth+}
 53214 | Elf:3    | Identified the amulet "Oshoq" {Acrobat Fly rElec rCorr
                  | Slay+6}
 53232 | Elf:3    | Identified the ring of the Telling Gods {rElec Dex+6}
 53247 | Elf:3    | Identified the +0 kite shield "Neutzuan" {rPois rN+ Int-5}
 53258 | Elf:3    | Got the Treatise on Ashen Forces
 53284 | Elf:3    | Identified the +4 quarterstaff "Plog" {elec, rElec Int+6}
 53390 | Elf:3    | Identified the +7 mace of Onurigri {drain, Int+3}
 53402 | Elf:3    | Reached skill level 24 in Unarmed Combat
 53403 | Elf:3    | Identified the ring of Ru's Displeasure {*Slow rPois rF-
                  | rN+++ SInv}
 53515 | Abyss:2  | Cast into level 2 of the Abyss (a deep elf sorcerer)
 53733 | Abyss:2  | Reached XP level 24. HP: 175/175 MP: 23/23
 53879 | Elf:3    | Escaped the Abyss
 54056 | Elf:3    | Identified the +3 ring mail of Zusegg {rElec rCorr Stlth+}
 54059 | Elf:3    | Identified the ring of Abstinence {Will+ rCorr Slay+2}
 54082 | Elf:3    | Identified the +1 leather armour of the Hanged Man {Will+}
 54085 | Elf:3    | Got the Compendium of the Charming Escort
 54702 | Snake:1  | Bought a manual of Fighting for 960 gold pieces
 54707 | Snake:1  | Learned a level 4 spell: Manifold Assault
 54712 | Snake:1  | Learned a level 4 spell: Vhi's Electric Charge
 54780 | Snake:4  | Bought a potion of curing for 51 gold pieces
 54780 | Snake:4  | Bought a potion of resistance for 170 gold pieces
 54780 | Snake:4  | Bought a potion of berserk rage for 85 gold pieces
 54780 | Snake:4  | Bought a potion of curing for 51 gold pieces
 54780 | Snake:4  | Bought a potion of curing for 51 gold pieces
 54780 | Snake:4  | Bought a potion of berserk rage for 85 gold pieces
 55045 | Orc:2    | Bought a potion of heal wounds for 65 gold pieces
 55352 | Vaults:5 | Entered Level 5 of the Vaults
 55359 | Vaults:5 | Reached skill level 10 in Stealth
 55360 | Vaults:5 | Reached skill level 1 in Translocations
 55990 | Vaults:5 | Identified the +6 war axe "Feruc" {venom, Int+4}
 55993 | Abyss:3  | Cast into level 3 of the Abyss (a deep elf demonologist)
 56262 | Abyss:3  | Reached XP level 25. HP: 184/184 MP: 23/23
 56284 | Vaults:5 | Escaped the Abyss
 56288 | Vaults:5 | Identified the +9 rapier "Xeixi" {drain, Int+5 Dex+2}
 56319 | Vaults:5 | Identified the +4 glaive "Doledghinaq" {heavy, rCorr}
 56325 | Vaults:5 | Got a silver rune of Zot
 56442 | Vaults:5 | Identified the ring "Nitwor" {rC+ Dex+2}
 56443 | Vaults:5 | Reached skill level 25 in Unarmed Combat
 56548 | Vaults:5 | Found Fatony's General Store.
 56851 | Vaults:5 | Identified the +0 dagger of Stickiness {holy, rElec Will+
                  | Dex+3}
 56863 | Vaults:5 | Acquired the +1 hat of Huucver {rC+ Will+++ Str-4 Int+3}
 57025 | Vaults:5 | Noticed a dread lich
 57028 | Vaults:5 | Killed a dread lich
 57055 | Vaults:5 | Got Sif Muna's Atlas of Underground Shifting
 57081 | Vaults:5 | Identified the +7 chain mail of the Aged Tusks {rC++}
 57646 | Zot:1    | Entered Level 1 of the Realm of Zot
 57646 | Zot:1    | Noticed an orb of fire
 57656 | Zot:1    | Killed an orb of fire
 57860 | Depths:4 | Reached skill level 5 in Translocations
 58098 | Zot:1    | Found a transporter.
 58556 | Zot:1    | Found a transporter.
 58673 | Zot:1    | Noticed an orb of fire
 58678 | Zot:1    | Noticed an orb of fire
 58693 | Zot:1    | Gained mutation: Your muscles are strong. (Str +4, Int/Dex
                  | -1) [an orb of fire]
 58694 | Zot:1    | Killed an orb of fire
 58705 | Zot:1    | Killed an orb of fire
 58706 | Zot:1    | Gained mutation: You are dopey. (Int -2) [a cacodemon]
 58896 | Zot:1    | Identified the ring "Pim Yfic" {rN++ Dex+6}
 59039 | Zot:1    | Identified the ring "Obbahy" {Ice Fly rElec Will+++ Int-5}
 59045 | Zot:1    | Identified the ring "Ylajeone" {rF+ rC+ Str+4 Int-4 Dex+2}
 59076 | Zot:2    | Lost mutation: Your muscles are strong. (Str +4, Int/Dex
                  | -1) [mutagenic glow]
 59077 | Zot:2    | Noticed a dread lich
 59093 | Zot:1    | Gained mutation: You are vulnerable to cold. (rC-)
                  | [mutagenic glow]
 59110 | Zot:1    | Gained mutation: You occasionally lose the ability to read
                  | scrolls when taking damage. [mutagenic glow]
 59145 | Zot:1    | Gained mutation: You are weak. (Str -2) [mutagenic glow]
 59207 | Zot:1    | Lost mutation: You occasionally lose the ability to read
                  | scrolls when taking damage. [potion of mutation]
 59207 | Zot:1    | Lost mutation: You are vulnerable to cold. (rC-) [potion of
                  | mutation]
 59207 | Zot:1    | Lost mutation: You are weak. (Str -2) [potion of mutation]
 59207 | Zot:1    | Gained mutation: You possess an exceptional clarity of
                  | mind. [potion of mutation]
 59207 | Zot:1    | Gained mutation: You are weak. (Str -2) [potion of
                  | mutation]
 59207 | Zot:1    | Lost mutation: You are dopey. (Int -2) [potion of mutation]
 59611 | Slime:1  | Entered Level 1 of the Pits of Slime
 59925 | Slime:2  | Gained mutation: You are vulnerable to cold. (rC-) [a
                  | shining eye]
 60232 | Slime:3  | Reached XP level 26. HP: 194/194 MP: 23/23
 61329 | Slime:5  | Entered Level 5 of the Pits of Slime
 61349 | Slime:5  | Gained mutation: Your body sometimes deteriorates upon
                  | taking damage. [a shining eye]
 61353 | Slime:5  | Gained mutation: Your body often deteriorates upon taking
                  | damage. [a shining eye]
 61793 | Slime:5  | Found the +6 Majin-Bo {spellvamp, MP+6 Int+6}
 61861 | Slime:5  | Noticed the Royal Jelly
 61874 | Slime:5  | Killed the Royal Jelly
 61875 | Slime:5  | Reached skill level 26 in Unarmed Combat
 61943 | Slime:5  | Identified the ring of Lellibeh {Ice Dex+3 Slay+4}
 61956 | Slime:5  | Identified the +7 falchion "Tautysat" {drain, rPois}
 62383 | Slime:5  | Got a slimy rune of Zot
 62446 | Slime:5  | Learned a level 3 spell: Ozocubu's Armour
 62895 | Zot:2    | Reached skill level 1 in Ice Magic
 62899 | Zot:2    | Killed a dread lich
 62900 | Zot:2    | Reached skill level 1 in Spellcasting
 64611 | Zot:3    | Reached XP level 27. HP: 203/203 MP: 27/27
 64716 | Zot:3    | Reached skill level 5 in Ice Magic
 64717 | Zot:3    | Noticed an orb of fire
 64720 | Zot:3    | Killed an orb of fire
 64844 | Zot:3    | Found a runed translucent door.
 64844 | Zot:3    | Noticed Vanouxzi's ghost (master DsGl)
 64854 | Zot:3    | Identified the +9 spear of Dishonesty {venom, *Rage Int+6}
 65047 | Zot:3    | Killed Vanouxzi's ghost
 65573 | Zot:4    | Identified the +1 long sword "Pohis" {drain, rCorr}
 65590 | Zot:4    | Found a transporter.
 65880 | Zot:4    | Found a transporter.
 66489 | Zot:4    | Identified the staff "Soofomm" {rElec Dex+4 Hexes Air
                  | Earth}
 66492 | Zot:4    | Identified the ring of Soulauqown {rN+ Str+6 Stlth+}
 66505 | Zot:4    | Identified the amulet of the Sky {Reflect -Tele rCorr MP+9
                  | Str-2 SH+5}
 66508 | Zot:4    | Got Sif Muna's Disquisition on Shocking Concussion
 66554 | Zot:5    | Entered Level 5 of the Realm of Zot
 66555 | Zot:5    | Noticed an ancient lich
 66603 | Zot:5    | Noticed an orb of fire
 66610 | Zot:5    | Killed an orb of fire
 66617 | Zot:5    | Reached skill level 5 in Spellcasting
 66847 | Zot:5    | Reached skill level 27 in Unarmed Combat
 66956 | Zot:5    | Identified the +2 plate armour "Wux Yve" {rElec rCorr}
 67047 | Zot:5    | Noticed a dread lich
 67048 | Zot:5    | Noticed an orb of fire
 67051 | Zot:5    | Noticed an orb of fire
 67051 | Zot:5    | Killed an orb of fire
 67057 | Zot:5    | Reached skill level 10 in Translocations
 67058 | Zot:5    | Killed a dread lich
 67058 | Zot:5    | Gained mutation: Your spells are a little easier to cast,
                  | but a little less powerful. [an orb of fire]
 67060 | Zot:5    | Killed an orb of fire
 67060 | Zot:5    | Killed an ancient lich
 67094 | Zot:5    | Reached skill level 10 in Ice Magic
 67123 | Zot:5    | Noticed an orb of fire
 67123 | Zot:5    | Noticed an ancient lich
 67136 | Zot:5    | Killed an ancient lich
 67137 | Zot:5    | Killed an orb of fire
 67141 | Zot:5    | Noticed an ancient lich
 67146 | Zot:5    | Noticed an ancient lich
 67146 | Zot:5    | Killed an ancient lich
 67150 | Zot:5    | Killed an ancient lich
 67177 | Zot:5    | Noticed an ancient lich
 67184 | Zot:5    | Killed an ancient lich
 67741 | Zot:5    | Got the Orb of Zot
 68037 | Depths:2 | Noticed Keoff the pandemonium lord
 68040 | Depths:2 | Killed Keoff the pandemonium lord
 68167 | D:14     | Noticed Nanafam the pandemonium lord
 68172 | D:14     | Killed Nanafam the pandemonium lord
 68492 | D:1      | Noticed Caug the pandemonium lord
 68495 | D:1      | Killed Caug the pandemonium lord
 68529 | D:$      | Escaped with the Orb!

Illustrated notes

Levels and vault maps discovered:
D:1:      nicolae_arrival_washed_ashore, layout_loops_corners,
          chequers_big_river, minmay_circled_x
D:2:      layout_basic, serial_shops, nicolae_shop_tiny_waterfront,
          hex_intersection, due_unseen_surprise, uniq_jessica
D:3:      layout_loops_cross, trog_wizard, eino_tiny_chamber,
          serial_park_tiny_2, uniq_robin
D:4:      layout_loops_ring
D:5:      layout_loops_corners, uniq_eustachio
D:6:      layout_loops_ring
D:7:      layout_loops_ring, minmay_temple_entry_mini_moons, enter_bailey_8,
          uniq_crazy_yiuf_cottage
D:8:      layout_basic, serial_demonic, serial_demonic_g, serial_demonic_g,
          serial_demonic_b, serial_demonic_e, grunt_decor_mini_mirrors,
          nicolae_custom_books, uniq_amaemon
D:9:      layout_basic, nicolae_water_bricks, st_stairs_14, minmay_st_funbox
D:10:     layout_roguey, uniq_harold
D:11:     layout_roguey, grunt_lair_entry_orc_guard_hut, gammafunk_ghost_icy,
          st_stairs_1, dreamdust_mushroom_princess, uniq_psyche
D:12:     layout_basic, david_orc_3, nicolae_gozag_seed_capital, uniq_frances
D:13:     layout_stronghold, david_vaults_1, serial_shops,
          nicolae_shop_hallway_stairs, minmay_fractal_squares_diagonal_5
D:14:     nicolae_cairo_tiling_large, layout_irregular_city, xom_teletrap_fun
D:15:     grunt_enter_depths_magical_seal, layout_rooms,
          serial_library_hellmonk_reading_circle, unseen_surprise_small
Temple:   mainiacjoe_temple_hex_bubbles
Lair:1:   layout_cave_pods, nicolae_lair_lil_pond, grunt_megastairs_4,
          serial_bayou_shore_b
Lair:2:   gammafunk_boulding_lane, layout_regular_city,
          nicolae_swamp_entry_splash_gauntlet, minmay_snake_entry_six_corridors
Lair:3:   layout_loops_ring, grunt_forest_small_clearings, serial_bayou_shore_a,
          grunt_megastairs_3, infiniplex_staircase_pool_2
Lair:4:   layout_misc_corridors, dpeg_slime_entry_corner, st_stairs_9
Lair:5:   hangedman_lair_caniforms_friends, layout_gridlike,
          guppyfry_lair_drakes
Swamp:1:  layout_basic_swamp, evilmike_swamp_ruin_house_2,
          statue_in_the_mist_lemuel, swamp_pool_4, uniq_louise, uniq_mlioglotl
Swamp:2:  layout_basic_swamp, hangedman_swamp_ruin_wall
Swamp:3:  cheibrodos_swamp_tower_of_moss, layout_falls_marsh,
          portal_ice_cave_entry_pillars_1, nicolae_swamp_fairy_circle,
          swamp_pool_5, nicolae_swamp_soggy_hallways
Swamp:4:  grunt_swamp_rune_castle, layout_basic_swamp
Snake:1:  layout_basic, serial_shops, nicolae_square_shop, minmay_shoptagon
Snake:2:  layout_misc_corridors, tekkud_shop_of_orbs
Snake:3:  layout_cave_town, serial_shops, shop, hangedman_snake_corridor_split,
          minmay_shop_grove, grunt_megastairs_5, uniq_aizul, uniq_nikola,
          uniq_vashnia, uniq_agnes
Snake:4:  johnstein_snake_rune_scales, layout_grid_maze,
          nrook_guardian_serpent_ordinary, minmay_shop_star
Slime:1:  layout_caves, nicolae_slime_getting_an_eyeful
Slime:2:  layout_caves
Slime:3:  layout_caves
Slime:4:  layout_caves
Slime:5:  slime_pit_nicolae_inversion
Orc:1:    layout_diamond_mine, gammafunk_ghost_wrathful_warriors,
          chequers_guarded_unrand_ignorance
Orc:2:    hellmonk_orc_salted, layout_caves, serial_shops,
          nicolae_shop_back_alley_shop, uniq_donald
Elf:1:    minmay_elf_arrival_plus, layout_loops_cross, serial_shops, shop,
          nicolae_elf_crossing_hall
Elf:2:    nicolae_elf_blades_crystal_corner, layout_geoelf_grid
Elf:3:    minmay_elf_hall_four_x, layout_geoelf_grid
Vaults:1: nicolae_vaults_door_testing_chamber,
          nicolae_vaults_windows_and_doors_thing, nicolae_vaults_double_plus_3,
          v_misc_18, v_pattern_2, nicolae_vaults_theta,
          nicolae_vaults_little_ls, v_alt_pattern_1,
          nicolae_vaults_frosty_reception, vaults_room_fancy_cross,
          ontoclasm_vaults_gateway, nicolae_vaults_little_squares_5,
          nicolae_vaults_security_offices_1, layout_vaults_maze, uniq_norris
Vaults:2: hangedman_vaults_slice, grunt_vaults_funnel, v_misc_4,
          nicolae_vaults_oval_intersection, vaults_dpeg_encased_lava,
          serial_library_hellmonk_open_cross, blue_anna_dwarven_crypt,
          nicolae_vaults_apartment_2, nicolae_vaults_diamond_2,
          nicolae_vaults_tetromino_L_2, layout_vaults_quadrants, serial_shops,
          shop
Vaults:3: nicolae_vaults_off_center_swirl, nicolae_vaults_network_s,
          v_alt_pattern_6, v_misc_8, nicolae_vaults_weapon_check,
          dpeg_vaults_monster_row, nicolae_vaults_layer_cake_slice,
          grunt_vaults_hallway_long, v_misc_1, nicolae_vaults_little_squares_3,
          ontoclasm_vaults_tryst, nicolae_vaults_double_plus_1,
          vaults_mumra_chevron_long, nicolae_vaults_theta,
          layout_vaults_omnibox, serial_shops, nicolae_shop_just_a_little_nook,
          uniq_bai_suzhen
Vaults:4: ontoclasm_vaults_ring_square, v_pattern_1, vaults_room_pool,
          vaults_mumra_chevron, nicolae_vaults_turnstiles,
          nicolae_vaults_trapezoid_layered, nicolae_vaults_stairing_the_circle,
          hangedman_vaults_nodes, vaults_room_glass_cross, v_misc_27,
          nicolae_vaults_specimen_jars, layout_vaults_ring, serial_shops,
          nicolae_shop_trees
Vaults:5
Depths:1: hangedman_cross_veins, layout_basic, lightli_too_deep,
          nemelex_lonely_heart_becter, nicolae_qazlal_general_emergency
Depths:2: minmay_tri_box, layout_gridlike, rand_demon_pan_entry_1,
          pf_coc_iceberg, nicolae_hepliaklqana_hazy_memory,
          infiniplex_staircase_pillars_3a, serial_bayou_shore_b, uniq_asterion
Depths:3: thingy_vault, layout_basic, enter_ziggurat_a, hell_entry,
          nicolae_abyss_entry_one_way_or_another, skrybe_limestone_x,
          serial_shops, shop, st_stairs_2, infiniplex_staircase_spiral_double,
          uniq_boris
Depths:4: evilmike_zot_entry_castle, layout_basic, grunt_hell_entry_dis_old,
          abyss_entry, minivault_16
Zot:1:    gammafunk_dig_for_victory, layout_misc_corridors
Zot:2:    hangedman_zot_vaults_quadrants, layout_cathedral_of_symmetry
Zot:3:    layout_misc_corridors, regret_index_zotdec_stipple_waver,
          hellmonk_ghost_big_iron
Zot:4:    gammafunk_its_a_trap, layout_cathedral_of_symmetry,
          regret_index_zotdec_tunneler
Zot:5:    layout_basic

Skill      XL: |  1  2  3  4  5  6  7  8  9 10 11 12 13 14 15 16 17 18 19 20 21 22 23 24 25 26 27 |
---------------+----------------------------------------------------------------------------------+-----
Unarmed Combat | 4 5 6 7 8 10 11 12 13 14 16 17 18 19 20 21 22 23 24 25 26 27 | 27.0
Fighting       | 2 3 4 5 6 7 8 9 10 11 12 13 14 15 16 17 18 19 20 22 | 22.3
Shapeshifting  | 4 5 6 8 9 10 11 12 13 14 16 17 18 19 20 21 22 23 24 25 | 25.0
Dodging        | 3 4 5 6 7 8 9 10 11 12 13 14 15 16 17 18 19 20 | 20.5
Stealth        | 4 6 9 11 13 | 13.4
Evocations     | 3 |  3.1
Translocations | 3 6 8 11 | 11.5
Ice Magic      | 4 12 | 12.0
Spellcasting   | 3 8 |  8.1

Action                     |  1- 3 |  4- 6 |  7- 9 | 10-12 | 13-15 | 16-18 | 19-21 | 22-24 | 25-27 || total
---------------------------+-------+-------+-------+-------+-------+-------+-------+-------+-------++-------
  Melee: Unarmed           |    64 |    92 |   240 |   304 |   752 |   818 |   601 |   794 |   987 ||  4652
         Constrict         |    14 |    20 |    50 |    54 |   177 |   106 |       |       |       ||   421
         Tentacles         |     8 |    13 |    48 |    30 |       |       |       |       |       ||    99
         Punch             |     1 |     3 |    17 |       |       |    35 |    85 |   112 |   199 ||   452
         Tailslap          |       |       |       |       |       |    69 |    97 |   113 |     7 ||   286
         Bite              |       |       |       |       |       |    32 |    68 |    86 |     5 ||   191
   Cast: Ozocubu's Armour  |       |       |       |       |       |       |       |       |     1 ||     1
 Invoke: Serpent's Lash    |       |       |       |       |     2 |    15 |     8 |     5 |    18 ||    48
         Heavenly Storm    |       |       |       |       |     1 |     3 |       |     2 |     6 ||    12
Ability: Lunge             |       |       |    22 |    36 |    80 |   112 |   106 |   135 |   147 ||   638
         Whirlwind         |       |       |       |       |    27 |    58 |    45 |    84 |   108 ||   322
         Wall Jump         |       |       |       |       |     3 |     7 |     1 |     5 |     7 ||    23
         Breathe Fire      |       |       |       |       |       |       |       |     2 |       ||     2
         Blinkbolt         |       |       |       |       |       |       |       |       |    17 ||    17
         Begin Untransform |       |       |       |       |       |       |       |       |     1 ||     1
  Evoke: Wand              |       |     5 |     4 |     2 |     1 |     5 |       |       |     1 ||    18
    Use: Scroll            |     3 |    11 |     7 |     8 |     4 |     3 |     4 |       |     4 ||    44
         Potion            |       |     1 |     2 |     5 |       |     6 |     1 |     3 |     5 ||    23
   Stab: Sleeping          |     4 |     7 |    11 |       |    24 |    29 |    15 |    31 |    28 ||   149
         Distracted        |       |     1 |       |     1 |     9 |     7 |    11 |     6 |     9 ||    44
 Armour: Skin              |    32 |    29 |    62 |    83 |   245 |   347 |   263 |   210 |   137 ||  1408
  Dodge: Dodged            |    40 |    44 |   119 |   189 |   499 |   509 |   302 |   323 |   701 ||  2726
  Block: Other             |       |     1 |    26 |    37 |   103 |    22 |       |       |       ||   189
         Reflection        |       |       |       |     5 |     3 |     1 |       |       |       ||     9
   Form: Flux              |       |       |     1 |       |       |       |       |       |       ||     1
         Serpent           |       |       |       |     1 |       |       |       |       |       ||     1
         Dragon            |       |       |       |       |       |     1 |       |       |     1 ||     2
         Storm             |       |       |       |       |       |       |       |       |     3 ||     3

Table legend: (Time is in decaauts)
 A = Elapsed time spent in this place.
 B = Non-inter-level travel time spent in this place.
 C = Inter-level travel time spent in this place.
 D = Time resting spent in this place.
 E = Time spent auto-exploring this place.
 F = Levels seen in this place.
 G = Mean time per level.
                   A        B        C        D        E       F      G
               +--------+--------+--------+--------+--------+-----+--------+
         Total |  67566 |  58159 |   9407 |   7436 |  40757 |  57 | 1185.4 |
       Dungeon |  19309 |  15312 |   3997 |    718 |  12547 |  15 | 1287.3 |
        Temple |     19 |      2 |     17 |      0 |      0 |   1 |   19.0 |
          Lair |   6406 |   5658 |    748 |    624 |   4034 |   5 | 1281.2 |
         Swamp |   4143 |   3957 |    186 |   1030 |   2116 |   4 | 1035.8 |
     Snake Pit |   5450 |   4894 |    556 |    920 |   3263 |   4 | 1362.5 |
    Slime Pits |   2828 |   2248 |    580 |    268 |   1487 |   5 |  565.6 |
  Orcish Mines |   2635 |   2174 |    461 |    180 |   1486 |   2 | 1317.5 |
   Elven Halls |   2990 |   2831 |    159 |    202 |   1937 |   3 |  996.7 |
        Vaults |   7553 |   6726 |    827 |    570 |   5096 |   5 | 1510.6 |
        Depths |   8635 |   7318 |   1317 |   1781 |   4439 |   4 | 2158.8 |
           Zot |   6098 |   5545 |    553 |    650 |   3907 |   5 | 1219.6 |
         Abyss |    621 |    621 |      0 |     73 |    186 |   2 |  310.5 |
        Bailey |    338 |    338 |      0 |      0 |    254 |   1 |  338.0 |
      Ice Cave |    534 |    534 |      0 |    418 |      2 |   1 |  534.0 |
               +--------+--------+--------+--------+--------+-----+--------+

Top non-repeatable levels by time:
Depths:4: 2681 daAuts
Depths:3: 2166 daAuts
Depths:1: 2149 daAuts
 Snake:3: 2115 daAuts
Vaults:3: 1949 daAuts
  Lair:2: 1907 daAuts
   Orc:2: 1812 daAuts
    D:11: 1680 daAuts
Depths:2: 1638 daAuts
    D:12: 1604 daAuts
   Zot:4: 1570 daAuts
    D:15: 1557 daAuts
Vaults:2: 1528 daAuts
Vaults:1: 1493 daAuts
     D:8: 1481 daAuts
